 Dungeon Crawl Stone Soup version 0.15-a0-877-g2926600 (webtiles) character file.

42 4tharraofdagon the Scratcher (level 3, 0/15 HPs)
             Began as a Felid Transmuter on May 17, 2014.
             Slain by a quokka (5 damage)
             ... on Level 3 of the Dungeon.
             The game lasted 00:02:14 (280 turns).

4tharraofdagon the Scratcher (Felid Transmuter)      Turns: 280, Time: 00:02:14

HP   0/15        AC  1     Str  6      XL: 3   Next: 33%
MP   7/8         EV 18     Int 14      God:
Gold 14          SH  0     Dex 17      Spells:  2 memorised,  2 levels left
Lives: 0, deaths: 0

rFire  . . .     SeeInvis +       - Unarmed
rCold  . . .     Clarity  .     (armour unavailable)
rNeg   . . .     Conserve .     (shield unavailable)
rPois  .         rCorr    .     (helmet unavailable)
rElec  .         rRot     .     (cloak unavailable)
SustAb .         Spirit   .     (gloves unavailable)
rMut   .         Warding  .     (boots unavailable)
Gourm  .         Stasis   .     (no amulet)
MR     .....                    (no ring)
                                (no ring)

@: appendage, exhausted, very slightly contaminated, quick, not resistant to
hostile enchantments, unstealthy
A: paw claws, no armour, no weapons or thrown items, fangs 3, horns 2, see
invisible, carnivore 3, speed 1, shaggy fur 1, slow metabolism 1, jump 1
a: Jump Attack, End Transformation


You were on level 3 of the Dungeon.
You were not hungry.
You had grown temporary horns.
You visited 1 branch of the dungeon, and saw 3 of its levels.

You collected 14 gold pieces.

Inventory:

Missiles
 b - 12 arrows
Comestibles
 a - 2 meat rations
 i - a royal jelly
Scrolls
 e - 3 scrolls of fear {unknown}
 f - a scroll of identify {unknown}
 h - a scroll of remove curse {unknown}
 j - a scroll of blinking {unknown}
 k - a scroll of magic mapping {unknown}
Potions
 c - a potion of curing {unknown}
 g - a potion of restore abilities {unknown}
Books
 d - a book of Changes

   Spells                             Type                      Level
   *Beastly Appendage                 Transmutation                1
   Sticks to Snakes                   Transmutation                2
   *Spider Form                       Transmutation/Poison         3
   Ice Form                           Ice/Transmutation            4
   Blade Hands                        Transmutation                5


   Skills:
 + Level 1.6 Fighting
 + Level 3.1 Dodging
 * Level 3.4 Unarmed Combat
 + Level 2.4 Spellcasting
 + Level 2.5 Transmutations


You had 2 spell levels left.
You knew the following spells:

 Your Spells              Type           Power        Failure   Level  Hunger
a - Beastly Appendage     Trmt           #.....       10%         1    #......
b - Spider Form           Trmt/Pois      #.........   47%         3    ####...


Dungeon Overview and Level Annotations

Branches:
Dungeon (3/15)

Altars:


Innate Abilities, Weirdness & Mutations

You cannot wear armour.
You are incapable of wielding weapons or throwing items.
Your paws have sharp claws.*
You have razor-sharp teeth.*
You have supernaturally acute eyesight.
You are carnivorous and can eat meat at any time.
You cover ground quickly.*
You are covered in fur (AC +1).*
You have a slow metabolism.
You can jump attack at a short distance.
You have a pair of horns on your head.*


Message History

Use which ability? (? or * to list)
Aiming: Jump Attack
Press: ? - help, Dir - move target cursor, f - quokka
Aim: a quokka You jump-attack the quokka!
You barely miss the quokka.
You feel somewhat more hungry. The quokka bites you.
* * * LOW HITPOINT WARNING * * *
You closely miss the quokka. The quokka barely misses you.
You scratch the quokka.
The quokka begins to bleed from its wounds!
The quokka is lightly wounded.
The quokka misses you.
You scratch the quokka.
The quokka is moderately wounded.
The quokka misses you.
Unknown command.
You miss the quokka. You bite the quokka.
The quokka is severely wounded.
The quokka bites you.
You die...

.......+ ........##
.........'
..........#
#.........# . .
##..!......##.# #.#
...........##.# #.#
.......r?......# #.#
........@...##'###.#
########...........#
####...........#
................#
................#
.........)#'###.#
.........#.# #.#
.........#.#
#)######
..........#.#
#.......


You could see a quokka (bleeding).

Vanquished Creatures
  Jessica (D:3)
  2 giant mites
  A giant cockroach (D:3)
  2 goblins
  3 hobgoblins
  A kobold (D:1)
10 creatures vanquished.

Notes
Turn   | Place    | Note
--------------------------------------------------------------
     0 | D:1      | 4tharraofdagon, the Felid Transmuter, began the quest for the Orb.
     0 | D:1      | Reached XP level 1. HP: 9/9 MP: 4/4
    82 | D:1      | Reached XP level 2. HP: 8/12 MP: 3/5
   201 | D:3      | Noticed Jessica
   239 | D:3      | Killed Jessica
   239 | D:3      | Reached XP level 3. HP: 8/15 MP: 5/8
   246 | D:3      | Learned a level 3 spell: Spider Form
   280 | D:3      | Slain by a quokka

Action                   || total
-------------------------++-------
Melee: Unarmed           ||    42
 Cast: Beastly Appendage ||     6
 Abil: Jump Attack       ||     2

Vault maps used:
D:1:      dpeg_cavernosity
D:2:      minmay_misc_feat_five, st_stairs_8, minivault_25, corexii_shack
D:3:      old_standard_altar, gammafunk_temple_overflow_statue, minivault_14,
          uniq_sigmund, uniq_jessica, uniq_natasha
